 Dungeon Crawl Stone Soup version 0.24-a0-725-gf1a930fc54 (webtiles) character file.

Game seed: 6972024520128622585, levelgen mode: deterministic

52 Kohma the Sneak (level 3, 16/16 HPs)
             Began as a Vine Stalker Enchanter on Oct 1, 2019.
             Quit the game on level 2 of the Dungeon.
             The game lasted 00:07:45 (1944 turns).

Kohma the Sneak (Vine Stalker Enchanter)            Turns: 1944, Time: 00:07:45

Health: 16/16      AC:  2    Str: 11    XL:     3   Next: 85%
Magic:  7/7        EV: 12    Int: 15    God:
Gold:   49         SH:  0    Dex: 14    Spells: 1/7 levels left

rFire    . . .     SeeInvis .   a - +1 dagger
rCold    . . .     Gourm    .   (no shield)
rNeg     . . .     Faith    .   b - +0 robe
rPois    .         Spirit   +   (no helmet)
rElec    .         Reflect  .   (no cloak)
rCorr    .         Harm     .   (no gloves)
MR       .....                  (no boots)
Stlth    ++........             (no amulet)
HPRegen  0.05/turn              (no ring)
MPRegen  0.10/turn              (no ring)

@: no status effects
A: fangs 2, magic shield, antimagic bite, no potion heal 3, rot immunity
a: no special abilities


You were on level 2 of the Dungeon.
You were not hungry.

You visited 1 branch of the dungeon, and saw 2 of its levels.

You collected 49 gold pieces.

Inventory:

Hand Weapons
 a - a +1 dagger (weapon)
Missiles
 f - 5 poisoned darts (quivered)
 i - 117 stones
Armour
 b - a +0 robe (worn)
Jewellery
 l - an uncursed ring of flight {unknown}
 p - an uncursed ring of see invisible {unknown}
 q - a cursed amulet of inaccuracy {unknown}
Scrolls
 c - 3 scrolls of identify {unknown}
 g - a scroll of fog {unknown}
 m - a scroll of remove curse {unknown}
Potions
 e - a potion of ambrosia {unknown}
 h - 2 potions of lignification {unknown}
 k - a potion of might {unknown}
 n - a potion of flight {unknown}
 o - 4 potions of curing {unknown}
 r - a potion of heal wounds {unknown}
Comestibles
 d - 6 rations
 j - 7 chunks of flesh


   Skills:
 - Level 0.2 Fighting
 * Level 1.9 Short Blades
 - Level 1.5 Dodging
 - Level 3.6 Stealth
 + Level 2.6 Spellcasting
 * Level 3.6 Hexes
 + Level 0.7 Ice Magic


You had one spell level left.
You knew the following spells:

 Your Spells              Type           Power        Failure   Level  Hunger
a - Corona                Hex            ##.....      4%          1    #......
b - Ensorcelled Hibernat  Hex/Ice        #.....       13%         2    ###....
c - Confuse               Hex            ##......     14%         3    ###....

Your spell library contained the following spells:

 Spells                   Type           Power        Failure   Level  Hunger
 Tukima's Dance           Hex            ##......     14%         3    ###....
 Dazzling Spray           Conj/Hex       #.....       28%         3    ###....


Dungeon Overview and Level Annotations

Branches:
Dungeon (2/15)

Altars:
Ashenzari


Innate Abilities, Weirdness & Mutations

You have extremely sharp teeth.
When hurt, damage is shared between your health and your magic reserves.
Your bite disrupts and absorbs the magic of your enemies.
Potions cannot restore your health.
You are immune to rotting.


Message History

The bat hits you. The bat misses you. The bat barely misses you.
Found an escape hatch in the ceiling.
You kill the bat!
r - a fizzy orange potion
There are no items here.
A worm comes into view.
Found a shattered altar of Ashenzari.
The helpless worm fails to defend itself.
You impale the worm!!
You kill the worm!
You see here a worm corpse.
You butcher the worm corpse.
j - 7 chunks of flesh (gained 2)
Found a scroll labeled KAKIVV AWIARUM.
c - 3 scrolls labeled KAKIVV AWIARUM (gained 1)
There is a shattered altar of Ashenzari here.
Quiver which item? (- for none, * to show all) (? for menu, Esc to quit)
Okay, then.
Are you sure you want to abandon this character and quit the game? (Confirm with "yes".)

###########
####.........#
#............#
#.####.###
#.##.....##
#.#.......#..
#.#.......#..#
##.....@......#
#..#.......#..#
#..#.......#..#
#..##.....##..######
#..####.####......<#
#...................
#.####..............
###
#...................
#..
#######.............
...


There were no monsters in sight!

Vanquished Creatures
  An ooze (D:1)
  2 worms (D:2)
  A dart slug (D:1)
  A leopard gecko (D:1)
  7 bats
  2 giant cockroaches (D:1)
  6 hobgoblins
  2 jackals (D:1)
  A ball python (D:1)
  A frilled lizard (D:1)
  5 goblins
  4 kobolds (D:1)
  5 rats
38 creatures vanquished.

Notes
Turn   | Place    | Note
-------+----------+-------------------------------------------
     0 | D:1      | Kohma the Vine Stalker Enchanter began the quest for the
                  | Orb.
     0 | D:1      | Reached XP level 1. HP: 9/9 MP: 4/4
   246 | D:1      | Reached skill level 1 in Short Blades
   515 | D:1      | Reached XP level 2. HP: 12/13 MP: 6/6
   524 | D:1      | Learned a level 2 spell: Ensorcelled Hibernation
   927 | D:1      | Reached XP level 3. HP: 16/16 MP: 4/7
  1516 | D:2      | Learned a level 3 spell: Confuse
  1919 | D:2      | Found a shattered altar of Ashenzari.
  1944 | D:2      | Quit the game

Levels and vault maps discovered:
D:1:      dpeg_arrival_chambers_temple_mockup, layout_basic
D:2:      layout_rooms, old_standard_altar, minivault_4

Skill      XL: |  1 |
---------------+----+-----
Short Blades   | 1 |  1.9
Fighting       | |  0.2
Dodging        | |  1.5
Stealth        | |  3.6
Spellcasting   | |  2.6
Hexes          | |  3.6
Ice Magic      | |  0.7

Action                   || total
-------------------------++-------
Melee: Dagger            ||   102
       Bite              ||    14
Throw: Dart              ||    14
 Cast: Ensorcelled Hiber ||    13
       Corona            ||     2
 Stab: Sleeping          ||     9
  Eat: Chunk             ||     4
Armor: Robe              ||    24
Dodge: Dodged            ||    99

Table legend:
 A = Non-vault XP
 B = Vault XP
 C = Vault XP percentage of total XP
 D = Non-vault monster count
 E = Vault monster count
 F = Vault count percentage of total count
                 A         B        C        D         E       F
            +---------+---------+-------+---------+---------+-------
      Total |      75 |       0 |   0.0 |      38 |       0 |   0.0
            +---------+---------+-------+---------+---------+-------
        D:1 |      49 |       0 |   0.0 |      27 |       0 |   0.0
        D:2 |      26 |       0 |   0.0 |      11 |       0 |   0.0
            +---------+---------+-------+---------+---------+-------
